 Dungeon Crawl Stone Soup version 0.30-a0-6-g7c9e10e132 (webtiles) character file.

Game seed: 9861823942197530006

173 greasedhog the Charlatan (level 5, 0/33 HPs)
             Began as a Gargoyle Wanderer on Aug 22, 2022.
             Slain by a gnoll
             ... wielding a +0 hand axe
              (3 damage)
             ... on level 3 of the Dungeon.
             The game lasted 00:05:27 (2974 turns).

greasedhog the Charlatan (Gargoyle Wanderer)        Turns: 2974, Time: 00:05:28

Health: 0/33       AC: 11    Str: 20    XL:     5   Next: 53%
Magic:  9/9        EV:  9    Int:  9    God:
Gold:   104        SH:  4    Dex: 10    Spells: 10/10 levels left

rFire   . . .      SeeInvis +    a - +0 mace
rCold   . . .      Faith    .    l - +1 buckler
rNeg    + . .      Spirit   .    h - +0 scale mail
rPois   ∞          Reflect  .    (no helmet)
rElec   +          Harm     .    (no cloak)
rCorr   .          Rampage  .    (no gloves)
Will    +....                    r - +0 pair of boots
Stlth   ..........               (no amulet)
HPRegen 0.11/turn                g - ring of willpower
MPRegen 0.11/turn                n - ring of see invisible

@: no status effects
A: sickness immunity, AC +4, negative energy resistance 1, electricity
resistance, torment resistance 1, petrification resistance
a: no special abilities


You were on level 3 of the Dungeon.
You visited 1 branch of the dungeon, and saw 3 of its levels.

You collected 104 gold pieces.

Inventory:

Hand Weapons
 a - a +0 mace (weapon)
 b - a +3 sling of flaming
Armour
 h - a +0 scale mail (worn)
 l - a +1 buckler (worn)
 r - a +0 pair of boots (worn)
Jewellery
 g - a ring of willpower (left hand)
 n - a ring of see invisible (right hand)
Wands
 d - a wand of quicksilver (3) (quivered)
Scrolls
 c - a scroll of vulnerability
 e - a scroll of immolation
 j - a scroll of magic mapping {unknown}
 o - a scroll of teleportation
 q - a scroll of poison
 t - a scroll of identify
Potions
 f - a potion of curing {unknown}
 i - 2 potions of haste {unknown}
 k - a potion of flight {unknown}
 m - a potion of lignification {unknown}
 p - a potion of degeneration {unknown}
Miscellaneous
 s - a piece from Xom's chessboard (15/15)


   Skills:
 * Level 3.8 Fighting
 * Level 3.4 Maces & Flails
 - Level 1.1 Armour
 - Level 1.0 Dodging
 - Level 3.0 Spellcasting
 - Level 4.5 Evocations


You had 10 spell levels left.
You didn't know any spells.
Your spell library contained the following spells:

 Spells                   Type           Power      Damage    Failure   Level
 Freeze                   Ice            4%         1d3       77%         1
 Frozen Ramparts          Ice            2%         1d1       98%         3
 Tukima's Dance           Hex            1%         N/A       98%         3
 Hailstorm                Conj/Ice       1%         3d3       100%        4
 Passage of Golubria      Tloc           1%         N/A       100%        4
 Yara's Violent Unravell  Hex/Tmut       0%         3d3       100%        5


Dungeon Overview and Level Annotations

Branches:
Dungeon (3/15)

Altars:
Xom


Innate Abilities, Weirdness & Mutations

You are immune to sickness and miasma.
Your stone body is resilient. (AC +4)
You are immune to poison.
You resist negative energy. (rN+)
You are resistant to electric shocks. (rElec)
You are resistant to unholy torment.
You are immune to petrification.


Message History

You hit the gnoll.
The gnoll is lightly wounded.
The gnoll closely misses you.
You barely miss the gnoll.
The gnoll is lightly wounded.
The gnoll hits you with a +0 hand axe.
You hit the gnoll but do no damage.
The gnoll is lightly wounded.
The gnoll hits you with a +0 hand axe. The gnoll misses you.
You barely miss the gnoll.
The gnoll is lightly wounded.
The gnoll hits you but does no damage.
You hit the gnoll but do no damage.
The gnoll is lightly wounded.
The gnoll hits you with a +0 hand axe.
You closely miss the gnoll.
The gnoll is lightly wounded.
The gnoll hits you with a +0 hand axe. The gnoll barely misses you.
You hit the gnoll.
The gnoll is severely wounded.
The gnoll hits you but does no damage.
You hit the gnoll.
The gnoll is severely wounded.
The gnoll hits you with a +0 hand axe.
* * * LOW HITPOINT WARNING * * *
You hit the gnoll.
The gnoll is almost dead.
The gnoll hits you with a +0 hand axe.
* * * LOW HITPOINT WARNING * * *
You barely miss the gnoll.
The gnoll is almost dead.
The gnoll hits you with a +0 hand axe.
* * * LOW HITPOINT WARNING * * *
You hit the gnoll but do no damage.
The gnoll is almost dead.
You block the gnoll's attack. The gnoll closely misses you.
You closely miss the gnoll.
The gnoll is almost dead.
The gnoll hits you with a +0 hand axe.
You die...

.###.....###....^.#
###### #[...........### #
#....b..#....†.##
#.......###.##.####
........###.##....#
........##..##....###
...........##.........
.###.....)............##
##
#.....g@.#.....<.....##.
#..?.....#.............>
..........#..........#...
..........##########.....
...#.####.# ...........#
## #. #.. ...........# #
##.. ...........#
##............#
............#


You could see a gnoll.

Vanquished Creatures
  Natasha (twice) (D:3)
  2 gnolls (D:3)
  4 adders
  A worm (D:2)
  An orc (D:3)
  7 ball pythons
  5 endoplasms
  A giant cockroach (D:2)
  4 hobgoblins
  3 jackals (D:2)
  4 quokkas
  5 bats
  3 frilled lizards (D:1)
  3 goblins
  3 kobolds (D:1)
  24 rats
72 creatures vanquished.

Notes
Turn   | Place    | Note
-------+----------+-------------------------------------------
     0 | D:1      | greasedhog the Gargoyle Wanderer began the quest for the
                  | Orb.
     0 | D:1      | greasedhog set off with the following items: a +0 club, a
                  | +0 scale mail, a scroll of vulnerability, a wand of
                  | quicksilver (4).
     0 | D:1      | Reached XP level 1. HP: 10/10 MP: 4/4
   418 | D:1      | Reached skill level 1 in Fighting
   523 | D:1      | Reached skill level 1 in Maces & Flails
   523 | D:1      | Reached XP level 2. HP: 13/16 MP: 6/6
  1406 | D:2      | Reached XP level 3. HP: 4/21 MP: 7/7
  1912 | D:2      | Reached XP level 4. HP: 27/27 MP: 8/8
  2635 | D:3      | Found a shimmering altar of Xom.
  2786 | D:3      | Noticed Natasha
  2792 | D:3      | Killed Natasha
  2793 | D:3      | Reached XP level 5. HP: 32/32 MP: 9/9
  2917 | D:3      | Noticed Natasha
  2928 | D:3      | Killed Natasha
  2974 | D:3      | Slain by a gnoll

Illustrated notes

Levels and vault maps discovered:
D:1:      eino_arrival_water_star, layout_loops_cross
D:2:      layout_basic, minmay_rat_hole
D:3:      layout_rooms, xom_butterflies, hellmonk_ecumenical_altar_watching_god,
          uniq_natasha

Skill      XL: |  1  2  3  4 |
---------------+-------------+-----
Fighting       | 1 2 3 |  3.8
Maces & Flails | 1 2 3 |  3.4
Armour         | |  1.1
Dodging        | |  1.0
Spellcasting   | |  3.0
Evocations     | |  4.5

Action                   |  1- 3 |  4- 6 || total
-------------------------+-------+-------++-------
Melee: Club              |    65 |       ||    65
       Mace              |    45 |    67 ||   112
 Fire: Sling             |    37 |    44 ||    81
Evoke: Wand              |     1 |       ||     1
  Use: Scroll            |     2 |     6 ||     8
Armor: Scale mail        |   100 |    62 ||   162
Dodge: Dodged            |    73 |    70 ||   143
Block: Buckler           |     6 |    12 ||    18

Table legend: (Time is in decaauts)
 A = Elapsed time spent in this place.
 B = Non-inter-level travel time spent in this place.
 C = Inter-level travel time spent in this place.
 D = Time resting spent in this place.
 E = Time spent auto-exploring this place.
 F = Levels seen in this place.
 G = Mean time per level.
                   A        B        C        D        E       F      G
               +--------+--------+--------+--------+--------+-----+--------+
         Total |   3066 |   2932 |    134 |    723 |   1645 |   3 | 1022.0 |
       Dungeon |   3066 |   2932 |    134 |    723 |   1645 |   3 | 1022.0 |
               +--------+--------+--------+--------+--------+-----+--------+

Top non-repeatable levels by time:
     D:2: 1366 daAuts
     D:1: 1342 daAuts
     D:3: 357 daAuts
